 Dungeon Crawl Stone Soup version 0.25-a0-356-g7c9d860b3b (webtiles) character file.

Game seed: 8849035282852553611, levelgen mode: deterministic

2814 Borgoz the Carver (level 9, -2/85 HPs)
             Began as a Gargoyle Gladiator on Jan 3, 2020.
             Was an Initiate of Ashenzari.
             Slain by Joseph
             ... wielding a +2 quarterstaff of protection
              (5 damage)
             ... on level 7 of the Dungeon.
             The game lasted 00:10:19 (7813 turns).

Borgoz the Carver (Gargoyle Gladiator)              Turns: 7813, Time: 00:10:20

Health: -2/85      AC: 16    Str: 26    XL:     9   Next: 72%
Magic:  9/9        EV: 11    Int:  9    God:    Ashenzari [......]
Gold:   352        SH:  0    Dex: 11    Spells: 8/8 levels left

rFire    + . .     SeeInvis .   g - +0 scimitar
rCold    . . .     Gourm    .   (no shield)
rNeg     + . .     Faith    .   m - +0 scale mail {rF+}
rPois    ∞         Spirit   .   c - +0 helmet
rElec    +         Reflect  .   (no cloak)
rCorr    .         Harm     .   (no gloves)
MR       .....                  q - +0 pair of boots
Stlth    ..........             (no amulet)
HPRegen  0.24/turn              (no ring)
MPRegen  0.11/turn              (no ring)

@: berserking, very quick
A: negative energy resistance 1, electricity resistance, unbreathing,
petrification resistance, rot immunity, AC +6
a: Curse Item, Renounce Religion


You were on level 7 of the Dungeon.
You worshipped Ashenzari.
Ashenzari was noncommittal.
You were not hungry.

You visited 2 branches of the dungeon, and saw 8 of its levels.

You collected 352 gold pieces.

Inventory:

Hand Weapons
 g - a +0 scimitar (weapon)
 t - the cursed +1 trident of Nayfihas {pierce, rF- Str+7}
   (You found it on level 6 of the Dungeon)

   It inflicts extra damage upon your enemies.
   It affects your strength (+7).
   It makes you vulnerable to fire.
   It has a curse placed upon it.
Armour
 c - a +0 helmet (worn)
 m - a +0 scale mail of fire resistance (worn)
 q - a +0 pair of boots (worn)
Jewellery
 j - an uncursed amulet of harm
Wands
 o - a wand of iceblast (8)
 v - a wand of digging (6)
 y - a wand of paralysis (5)
Scrolls
 b - 3 scrolls of teleportation
 d - a scroll of random uselessness {unknown}
 e - 3 scrolls of remove curse
 k - a scroll of vulnerability {unknown}
 l - 3 scrolls of magic mapping {unknown}
 p - a scroll of enchant weapon {unknown}
 u - a scroll of amnesia {unknown}
 w - a scroll of noise {unknown}
Potions
 h - a potion of magic
 i - 2 potions of cancellation
 r - a potion of mutation
 s - 2 potions of flight
Comestibles
 f - 10 rations


   Skills:
 + Level 7.4 Fighting
 * Level 9.0 Long Blades
 - Level 1.7 Throwing
 + Level 6.9 Armour
 - Level 2.4 Dodging


You had 8 spell levels left.
You didn't know any spells.
Your spell library was empty.

Dungeon Overview and Level Annotations

Branches:
Dungeon (7/15)             Temple (1/1) D:4

Altars:
Ashenzari
Cheibriados
Dithmenos
Elyvilon
Fedhas
Gozag
Hepliaklqana
Kikubaaqudgha
Makhleb
Nemelex Xobeh
Okawaru
Qazlal
Sif Muna
Trog
Uskayaw
Vehumet
Wu Jian
Xom
Yredelemnul
Zin
The Shining One

Shops:
D:5 *

Annotations:
D:7 Joseph


Innate Abilities, Weirdness & Mutations

You are resistant to torment.
Your stone body is resilient. (AC +6)
You are immune to poison.
You resist negative energy. (rN+)
You are resistant to electric shocks. (rElec)
You can survive without breathing.
You are immune to petrification.
You are immune to rotting.


Message History

It was a potion of berserk rage.
A red film seems to cover your vision as you go berserk!
You feel yourself moving faster!
You feel mighty!
The centaur struggles against the net.
You slice Joseph!!
Joseph is moderately wounded.
The centaur struggles against the net.
Joseph hits you with a +2 quarterstaff of protection!
* * * LOW HITPOINT WARNING * * *
You hit Joseph but do no damage.
Joseph is moderately wounded.
The centaur struggles against the net.
The net rips apart, and the centaur comes free!
Joseph hits you but does no damage.
You closely miss Joseph.
Joseph is moderately wounded.
You slice Joseph!!
Joseph is heavily wounded.
Joseph hits you with a +2 quarterstaff of protection.
You die...

#..........# .
#..........# ## .#
#..........# .#
#..........# .#
#..........# .#
##........## c#
#..........# .#
..)........#######.######
............>(((@@c......
#..........#######.......
#..........# ......#
##........## ......#
###......## ......# #
######## ......# #######


You could see Joseph and a centaur.

Vanquished Creatures
  Sigmund (D:5)
  Menkaure (D:5)
  A water moccasin (D:7)
  An orc warrior (D:5)
  An ice beast (D:5)
  3 sky beasts
  A phantom (D:6)
  2 ogres
  4 centaurs
  A big kobold (D:7)
  A bullfrog (D:7)
  A wyvern skeleton (D:7)
  A scorpion (D:7)
  4 wights (D:6)
  A centaur zombie (D:5)
  2 jellies
  3 orc priests
  A centaur skeleton (D:5)
  3 hounds
  2 orc wizards (D:4)
  Jessica (D:2)
  3 iguanas
  4 worker ants
  A killer bee zombie (D:6)
  A hound zombie (D:6)
  A howler monkey zombie (D:6)
  Robin (D:2)
  12 adders
  12 gnolls
  An adder skeleton (D:6)
  2 worms
  2 dart slugs
  4 leopard geckos
  21 orcs
  2 bats (D:1)
  4 giant cockroaches
  20 goblins
  8 hobgoblins
  4 jackals
  12 kobolds
  4 quokkas
  9 frilled lizards
  2 leopard gecko skeletons
  A quokka skeleton (D:5)
  16 rats
183 creatures vanquished.

Notes
Turn   | Place    | Note
-------+----------+-------------------------------------------
     0 | D:1      | Borgoz the Gargoyle Gladiator began the quest for the Orb.
     0 | D:1      | Reached XP level 1. HP: 12/12 MP: 1/1
    50 | D:1      | Reached skill level 3 in Long Blades
    50 | D:1      | Reached XP level 2. HP: 18/18 MP: 2/2
   311 | D:1      | Reached skill level 1 in Armour
   350 | D:1      | Reached XP level 3. HP: 22/22 MP: 3/3
   782 | D:2      | Noticed Robin
   808 | D:2      | Killed Robin
   808 | D:2      | Reached XP level 4. HP: 18/27 MP: 4/4
  1087 | D:2      | Noticed Jessica
  1097 | D:2      | Killed Jessica
  1097 | D:2      | Reached skill level 4 in Long Blades
  1255 | D:2      | Reached XP level 5. HP: 29/32 MP: 5/5
  1766 | D:3      | HP: 1/32 [gnoll/+0 halberd (10)]
  2195 | D:3      | Reached XP level 6. HP: 38/38 MP: 6/6
  2207 | D:3      | Noticed a sky beast
  2241 | D:3      | Killed a sky beast
  2241 | D:3      | Reached skill level 5 in Long Blades
  2526 | D:3      | Found a blossoming altar of Fedhas.
  3130 | D:4      | Reached XP level 7. HP: 24/44 MP: 7/7
  3331 | D:4      | Found a shadowy altar of Dithmenos.
  3502 | D:4      | Found a staircase to the Ecumenical Temple.
  4262 | D:5      | Entered Level 5 of the Dungeon
  4280 | D:5      | Reached skill level 5 in Fighting
  4280 | D:5      | Reached skill level 6 in Long Blades
  4313 | D:5      | Reached XP level 8. HP: 20/49 MP: 8/8
  4842 | D:5      | Noticed Menkaure
  4853 | D:5      | Killed Menkaure
  5090 | D:5      | Reached skill level 5 in Armour
  5121 | D:5      | Noticed Sigmund
  5135 | D:5      | Killed Sigmund
  5135 | D:5      | Reached skill level 7 in Long Blades
  5453 | D:5      | Found Itykk's Lightly-Used Armoury.
  5778 | Temple   | Entered the Ecumenical Temple
  5931 | Temple   | Became a worshipper of Ashenzari the Shackled
  5998 | D:6      | Reached XP level 9. HP: 41/56 MP: 9/9
  6409 | D:5      | Reached skill level 8 in Long Blades
  6616 | D:6      | Got the cursed trident of Nayfihas {pierce, rF- Str+7}
  6663 | D:6      | Found a blossoming altar of Fedhas.
  6700 | D:6      | Found an ornate altar of the Wu Jian Council.
  6702 | D:6      | Found an iron altar of Okawaru.
  7548 | D:7      | Found a sparkling altar of Nemelex Xobeh.
  7788 | D:7      | Noticed Joseph
  7798 | D:7      | Reached skill level 9 in Long Blades
  7810 | D:7      | HP: 2/85 [Joseph/+2 quarterstaff of protection (10)]
  7813 | D:7      | Slain by Joseph

Levels and vault maps discovered:
D:1:      lightli_arrival_boilingwater, layout_basic, minmay_rat_gold_closets
D:2:      layout_basic, uniq_robin, uniq_jessica
D:3:      layout_loops_ring, fedhas_altar_2
D:4:      layout_gridville, grunt_dithmenos_smoke,
          minmay_temple_entry_mini_moons
D:5:      layout_cave_pods, first_ration, minmay_shop_damaged,
          minmay_misc_feat_x, uniq_sigmund, uniq_menkaure
D:6:      layout_rooms, gammafunk_temple_overflow_pools, basic_altar
D:7:      layout_rooms, nemelex_altar_shiori, uniq_joseph
Temple:   regret_index_temple_mists

Skill      XL: |  1  2  3  4  5  6  7  8  9 |
---------------+----------------------------+-----
Long Blades    | 3 4 5 6 7 9 |  9.0
Armour         | 1 2 3 4 5 6 |  6.9
Fighting       | 3 4 5 6 7 |  7.4
Throwing       | |  1.7
Dodging        | |  2.4

Action                   |  1- 3 |  4- 6 |  7- 9 || total
-------------------------+-------+-------+-------++-------
Melee: Long sword        |   110 |   237 |   235 ||   582
       Scimitar          |       |       |   174 ||   174
Throw: Throwing net      |       |       |     9 ||     9
  Use: Potion            |       |     2 |     5 ||     7
       Scroll            |       |       |     6 ||     6
 Stab: Sleeping          |     1 |       |       ||     1
       Held in net/web   |       |       |     2 ||     2
  Eat: Chunk             |       |     8 |    12 ||    20
       Ration            |       |       |     1 ||     1
Armor: Leather armour    |    29 |       |       ||    29
       Scale mail        |    34 |   134 |   235 ||   403
       Plate armour      |       |       |     9 ||     9
Dodge: Dodged            |    62 |   156 |   231 ||   449
       Rpst.: Long sword |    20 |    47 |    32 ||    99
       Scimitar          |       |       |    42 ||    42

Table legend:
 A = Non-vault XP
 B = Vault XP
 C = Vault XP percentage of total XP
 D = Non-vault monster count
 E = Vault monster count
 F = Vault count percentage of total count
                 A         B        C        D         E       F
            +---------+---------+-------+---------+---------+-------
      Total |    3540 |     480 |  11.9 |     158 |      25 |  13.7
            +---------+---------+-------+---------+---------+-------
        D:1 |      33 |      10 |  23.3 |      19 |      10 |  34.5
        D:2 |      53 |      74 |  58.3 |      23 |      13 |  36.1
        D:3 |     438 |       0 |   0.0 |      34 |       0 |   0.0
        D:4 |     341 |       0 |   0.0 |      15 |       0 |   0.0
        D:5 |    1050 |     396 |  27.4 |      21 |       2 |   8.7
        D:6 |     706 |       0 |   0.0 |      29 |       0 |   0.0
        D:7 |     919 |       0 |   0.0 |      17 |       0 |   0.0
            +---------+---------+-------+---------+---------+-------
